 Dungeon Crawl Stone Soup version 0.28-a0-1382-g92835e5c71 (webtiles) character file.

Game seed: 5124554820515348332

200 Gildeon the Poker (level 6, -9/47 HPs)
             Began as a Formicid Fighter on Jan 1, 2022.
             Was an Initiate of Cheibriados.
             Mangled by Menkaure (12 damage)
             ... on level 4 of the Dungeon.
             The game lasted 00:08:35 (3653 turns).

Gildeon the Poker (Formicid Fighter)                Turns: 3653, Time: 00:08:36

Health: -9/47      AC:  9    Str: 24    XL:     6   Next: 6%
Magic:  6/6        EV: 12    Int:  8    God:    Cheibriados [......]
Gold:   74         SH:  4    Dex: 11    Spells: 5/5 levels left

rFire   . . .      SeeInvis +   a - +0 trident
rCold   . . .      Faith    .   c - +0 buckler
rNeg    . . .      Spirit   .   n - +0 chain mail
rPois   .          Reflect  .   (helmet unavailable)
rElec   .          Harm     .   (no cloak)
rCorr   .          Rampage  .   (no gloves)
Will    .....                   (no boots)
Stlth   ..........              (no amulet)
HPRegen 0.15/turn               g - +4 ring of evasion
MPRegen 0.10/turn               (no ring)

@: very slow
A: permanent stasis, dig shafts and tunnels, antennae 3, four strong arms
a: Dig, Shaft Self, Renounce Religion


You were on level 4 of the Dungeon.
You worshipped Cheibriados.
Cheibriados was noncommittal.
You visited 1 branch of the dungeon, and saw 4 of its levels.

You collected 116 gold pieces.
You spent 42 gold pieces at shops.

Inventory:

Hand Weapons
 a - a +0 trident (weapon)
Armour
 c - a +0 buckler (worn)
 n - a +0 chain mail (worn)
Jewellery
 g - a +4 ring of evasion (left hand)
Scrolls
 i - a scroll of fog {unknown}
 j - 4 scrolls of identify
 m - a scroll of magic mapping {unknown}
Potions
 d - a potion of might
 e - a potion of berserk rage {unknown}
 f - 3 potions of heal wounds
 h - a potion of invisibility {unknown}
 k - a potion of haste {unknown}
 l - a potion of curing {unknown}


   Skills:
 + Level 3.5 Fighting
 * Level 5.3 Polearms
 + Level 3.6 Armour
 + Level 3.9 Shields


You had 5 spell levels left.
You didn't know any spells.
Your spell library contained the following spells:

 Spells                   Type           Power      Damage    Failure   Level
 Borgnjor's Revivificati  Necr           0%         N/A       100%        8
 Necromutation            Tmut/Necr      0%         N/A       100%        8
 Death's Door             Necr           0%         N/A       100%        9


Dungeon Overview and Level Annotations

Branches:
Dungeon (4/15)
 Temple: D:4-7

Altars:
Cheibriados
Qazlal
Xom
Yredelemnul

Shops:
D:3 ?

Annotations:
D:4 Menkaure


Innate Abilities, Weirdness & Mutations

You cannot be hasted, slowed, berserked, paralysed or teleported.
You can dig through walls and to a lower floor.
You have a pair of large antennae on your head. (SInv)
Your four strong arms can wield two-handed weapons with a shield.


Message History

A spectral orc comes into view.
The spectral orc passes through a web.
Found a basalt altar of Yredelemnul.
The spectral orc passes through a web.
You barely miss the spectral orc. You block the spectral orc's attack.
You puncture the spectral orc!
You destroy the spectral orc!
Cheibriados appreciates the change of pace.
There is an open door here.
There is an open door here.
Menkaure, Prince of Dust comes into view.
Menkaure shouts!
Menkaure gestures at you while chanting.
Pain shoots through your body! Menkaure closely misses you.
You hit Menkaure.
Menkaure is lightly damaged.
Menkaure gestures wildly while chanting.
Menkaure seems to speed up.
You hit Menkaure.
Menkaure is moderately damaged.
You block Menkaure's attack.
You hit Menkaure but do no damage.
Menkaure is moderately damaged.
Menkaure hits you!
You hit Menkaure.
Menkaure is moderately damaged.
Menkaure hits you!
* * * LOW HITPOINT WARNING * * *
Menkaure hits you.
* * * LOW HITPOINT WARNING * * *
You barely miss Menkaure.
Menkaure is moderately damaged.
Menkaure calls on the powers of darkness!
Your body is wracked with pain!
* * * LOW HITPOINT WARNING * * *
You barely miss Menkaure.
Menkaure is moderately damaged.
Menkaure hits you!
You die...

... .. ##.# ##..# #..#
##..# #####
#########..##
#^#.###......##..#
#.^..##.......@M##
#_^.^'............#
#^^..##............# #
#.#^###.............#
#########.....≈......##
.#######......≈≈....##
..##..........≈....##
....[#####....≈≈...#
..#### #####≈.≈..


You could see Menkaure (fast).

Vanquished Creatures
  Blork the orc (D:4)
  5 adders
  3 worms
  3 dart slugs
  5 orcs (D:3)
  5 bats
  4 endoplasms
  3 giant cockroaches
  8 goblins
  4 hobgoblins
  4 jackals (D:3)
  3 kobolds
  A quokka (D:1)
  8 ball pythons
  4 frilled lizards
  8 rats
  A spectral orc (D:4)
70 creatures vanquished.

Notes
Turn   | Place    | Note
-------+----------+-------------------------------------------
     0 | D:1      | Gildeon the Formicid Fighter began the quest for the Orb.
     0 | D:1      | Reached XP level 1. HP: 18/18 MP: 1/1
   315 | D:1      | Reached XP level 2. HP: 24/24 MP: 2/2
   810 | D:1      | Reached skill level 3 in Polearms
  1058 | D:2      | Reached XP level 3. HP: 29/29 MP: 3/3
  1408 | D:2      | Reached skill level 4 in Polearms
  1408 | D:2      | Reached XP level 4. HP: 35/35 MP: 4/4
  2123 | D:3      | Found a shimmering altar of Xom.
  2314 | D:3      | Reached XP level 5. HP: 22/41 MP: 5/5
  2555 | D:3      | Found Zeyt's Magic Scroll Boutique.
  2563 | D:3      | Bought a scroll of teleportation for 42 gold pieces
  2628 | D:3      | Found a snail-covered altar of Cheibriados.
  2640 | D:3      | Became a worshipper of Cheibriados the Contemplative
  2644 | D:3      | Reached skill level 5 in Polearms
  3010 | D:3      | Found a faded altar of an unknown god.
  3423 | D:4      | Found a stormy altar of Qazlal.
  3425 | D:4      | Noticed Blork the orc
  3441 | D:4      | Killed Blork the orc
  3442 | D:4      | Reached XP level 6. HP: 34/47 MP: 6/6
  3608 | D:4      | Found a basalt altar of Yredelemnul.
  3635 | D:4      | Noticed Menkaure
  3653 | D:4      | Mangled by Menkaure

Illustrated notes

Levels and vault maps discovered:
D:1:      minmay_arrival_split_and_join, layout_loops_corners
D:2:      minmay_alternating_diamond, layout_basic, corner_web_ring,
          chequers_hall_statues_corner_a
D:3:      layout_basic, lemuel_crystal_altar, xom_teletrap_fun, serial_shops,
          nicolae_square_shop, hellmonk_ecumenical_altar_leap_of_faith
D:4:      cheibrodos_old_hovel, layout_cave_pods,
          yredelemnul_forgotten_temple_becter,
          mainiacjoe_overflow_cross_hatched, serial_shops,
          nicolae_shop_competitors_out_of_business,
          chequers_serial_rivers_micro_e, uniq_edmund, uniq_duvessa,
          uniq_menkaure, uniq_blork_the_orc, uniq_eustachio

Skill      XL: |  1  2  3  4  5 |
---------------+----------------+-----
Polearms       | 3 4 5 |  5.3
Fighting       | |  3.5
Armour         | |  3.6
Shields        | |  3.9

Action                   |  1- 3 |  4- 6 || total
-------------------------+-------+-------++-------
Melee: Trident           |    92 |   151 ||   243
 Abil: Dig               |       |     1 ||     1
  Use: Scroll            |       |     2 ||     2
Armor: Scale mail        |    21 |    33 ||    54
Dodge: Dodged            |    46 |    73 ||   119
Block: Buckler           |    19 |    23 ||    42

Table legend: (Time is in decaauts)
 A = Elapsed time spent in this place.
 B = Non-inter-level travel time spent in this place.
 C = Inter-level travel time spent in this place.
 D = Time resting spent in this place.
 E = Time spent auto-exploring this place.
 F = Levels seen in this place.
 G = Mean time per level.
                   A        B        C        D        E       F      G
               +--------+--------+--------+--------+--------+-----+--------+
         Total |   3921 |   3766 |    155 |    138 |   2899 |   4 |  980.2 |
       Dungeon |   3921 |   3766 |    155 |    138 |   2899 |   4 |  980.2 |
               +--------+--------+--------+--------+--------+-----+--------+

Top non-repeatable levels by time:
     D:3: 1576 daAuts
     D:1: 1056 daAuts
     D:2: 1020 daAuts
     D:4: 268 daAuts
